 Dungeon Crawl Stone Soup version 0.21-a0-2-ge494091 (webtiles) character file.

1005 nikopol the Chopper (level 8, -5/51 HPs)
             Began as a Gargoyle Berserker on May 21, 2017.
             Was an Elder of Trog.
             Slain by an orc warrior
             ... wielding a +0 battleaxe
              (8 damage)
             ... on level 6 of the Dungeon.
             The game lasted 00:11:12 (5196 turns).

nikopol the Chopper (Gargoyle Berserker)            Turns: 5196, Time: 00:11:12

Health: -5/51      AC: 20    Str: 21    XL:     8   Next: 20%
Magic:  8/8        EV:  9    Int:  8    God:    Trog [****..]
Gold:   250        SH:  0    Dex: 11    Spells: 7/7 levels left

rFire    + . .     SeeInvis .   a - +0 hand axe
rCold    . . .     Gourm    .   (no shield)
rNeg     + . .     Faith    .   p - +0 chain mail
rPois    ∞         Spirit   .   y - +2 helmet
rElec    +         Reflect  .   h - +0 cloak
rCorr    .         Harm     .   o - +0 pair of gloves
MR       .....                  (no boots)
Stlth    ..........             (no amulet)
Regen    0.2/turn               q - ring of protection from fire
MPRegen  0.2/turn               (no ring)

@: slowed, very slow
A: negative energy resistance 1, electricity resistance, unbreathing,
petrification resistance, rot immunity, AC +5
a: Berserk, Trog's Hand, Brothers in Arms, Burn Spellbooks, Renounce Religion


You were on level 6 of the Dungeon.
You worshipped Trog.
Trog was greatly pleased with you.
You were hungry.

You visited 1 branch of the dungeon, and saw 6 of its levels.

You collected 250 gold pieces.

Inventory:

Hand Weapons
 a - a +0 hand axe (weapon)
Missiles
 C - 17 arrows (quivered)
Armour
 b - a +0 animal skin
 h - a +0 cloak (worn)
 o - a +0 pair of gloves (worn)
 p - a +0 chain mail (worn)
 y - a +2 helmet (worn)
Jewellery
 q - a ring of protection from fire (left hand)
 s - a cursed amulet of inaccuracy {unknown}
 t - an uncursed ring of magical power {unknown}
Wands
 z - a wand of confusion (29/48)
 A - a wand of clouds (5/9)
Scrolls
 j - 2 scrolls of remove curse {unknown}
 k - a scroll of recharging {unknown}
 l - 3 scrolls of amnesia {unknown}
 m - a scroll of fear {unknown}
 n - 2 scrolls of identify {unknown}
 r - 2 scrolls of teleportation {unknown}
 v - a scroll of random uselessness {unknown}
 B - a scroll of enchant armour {unknown}
Potions
 d - 2 potions of haste {unknown}
 e - 2 potions of flight {unknown}
 f - 2 potions of mutation {unknown}
 g - a potion of magic {unknown}
 x - a potion of might {unknown}
Comestibles
 c - 4 bread rations
 i - 2 meat rations
 u - a royal jelly
 w - a fruit
 D - 6 chunks of flesh


   Skills:
 + Level 5.6 Fighting
 * Level 5.8 Axes
 + Level 5.0 Armour
 + Level 3.7 Dodging


You had 7 spell levels left.
You didn't know any spells.

Dungeon Overview and Level Annotations

Branches:
Dungeon (6/15)             Temple (0/1) D:4

Altars:
Cheibriados
Wu Jian


Innate Abilities, Weirdness & Mutations

You are resistant to torment.
Your stone body is resilient. (AC +5)
You are immune to poison.
You resist negative energy. (rN+)
You are resistant to electric shocks. (rElec)
You can survive without breathing.
You are immune to petrification.
You are immune to rotting.


Message History

The orc warrior closely misses you.
The orc warrior hits you but does no damage.
You closely miss the orc warrior.
The orc warrior is almost dead.
The orc warrior hits you with a battleaxe!
* * * LOW HITPOINT WARNING * * *
You closely miss the orc warrior.
The orc warrior is almost dead.
The orc warrior hits you but does no damage.
You closely miss the orc warrior.
The orc warrior is almost dead.
The orc warrior hits you but does no damage.
You barely miss the orc warrior.
The orc warrior is almost dead.
The orc warrior misses you.
You hit the orc warrior but do no damage.
The orc warrior is almost dead.
The orc warrior closely misses you.
The orc warrior hits you with a battleaxe!
You die...

#.####.# ####### #.#
#.# #.....#
#.####.#####.....#
###........[.......#
.......#.#####.....#
###......#
###.....### #
#....#.# #..)......#
# #......#
#.###o###.# #
###.#### #. #@# # #
#.# # #...# # ##+##
#...# # ##...##
#...# ###.....##
##.## ##.......## ..
#.........# .#
+<........+ .#
#.........#


You could see an orc warrior.

Vanquished Creatures
  A phantom (D:4)
  A necrophage (D:5)
  A bullfrog (D:6)
  3 scorpions (D:4)
  A centaur zombie (D:5)
  2 hounds
  2 orc priests
  3 orc wizards
  A bullfrog skeleton (D:5)
  2 iguanas
  3 worker ants
  4 gnolls (D:2)
  7 adders
  A shadow imp (D:5)
  An ooze (D:3)
  2 worms
  A dart slug (D:3)
  2 leopard geckos (D:2)
  11 orcs
  3 ball pythons
  5 giant cockroaches
  16 goblins
  5 hobgoblins
  16 jackals
  2 quokkas (D:2)
  8 bats
  5 frilled lizards
  2 giant cockroach zombies
  A jackal skeleton (D:4)
  6 kobolds
  2 leopard gecko skeletons
  A leopard gecko zombie (D:5)
  2 quokka skeletons
  8 rats
131 creatures vanquished.

Notes
Turn   | Place    | Note
-------+----------+-------------------------------------------
     0 | D:1      | nikopol the Gargoyle Berserker began the quest for the Orb.
     0 | D:1      | Reached XP level 1. HP: 14/14 MP: 1/1
   239 | D:1      | Reached XP level 2. HP: 17/19 MP: 2/2
   558 | D:2      | Reached XP level 3. HP: 20/23 MP: 3/3
   769 | D:2      | Reached ** piety under Trog
   818 | D:2      | Found an ornate altar of the Wu Jian Council.
   927 | D:2      | Reached XP level 4. HP: 18/29 MP: 4/4
  1302 | D:2      | Reached XP level 5. HP: 6/33 MP: 0/5
  1939 | D:3      | Reached *** piety under Trog
  2542 | D:4      | Reached XP level 6. HP: 35/39 MP: 6/6
  2930 | D:4      | Found a staircase to the Ecumenical Temple.
  3383 | D:4      | Reached XP level 7. HP: 36/44 MP: 7/7
  3503 | D:4      | Found a snail-covered altar of Cheibriados.
  3550 | D:4      | You fall through a shaft!
  3550 | D:5      | Entered Level 5 of the Dungeon
  3609 | D:5      | Reached skill level 5 in Fighting
  3689 | D:4      | Reached skill level 5 in Axes
  4540 | D:5      | Reached **** piety under Trog
  4938 | D:5      | Reached XP level 8. HP: 43/50 MP: 8/8
  5178 | D:6      | Reached skill level 5 in Armour
  5191 | D:6      | HP: 2/51 [orc warrior/battleaxe (11)]
  5196 | D:6      | Slain by an orc warrior

Vault maps used:
D:1:      lightli_molten_gateway, serial_bayou_pond_a, grunt_decor_one_mirror
D:2:      kennysheep_big_flooded_room, lemuel_crystal_altar, hex_tiny,
          minmay_domino_2
D:3:      first_bread
D:4:      kennysheep_mini_moat, minmay_temple_entry_nine_rooms
D:6:      lightli_temple_of_fire, corexii_checkpoint_a, uniq_sigmund

Skill      XL: |  1  2  3  4  5  6  7  8 |
---------------+-------------------------+-----
Axes           | 3 4 5 |  5.8
Dodging        | 2 3 |  3.7
Armour         | 3 4 5 |  5.0
Fighting       | 4 5 |  5.6

Action                   |  1- 3 |  4- 6 |  7- 9 || total
-------------------------+-------+-------+-------++-------
Melee: Hand axe          |   137 |   213 |   224 ||   574
Invok: Berserk           |     1 |     2 |     1 ||     4
       Burn Spellbooks   |       |       |     2 ||     2
  Eat: Chunk             |     1 |     9 |     7 ||    17
Armor: Animal skin       |    68 |    25 |       ||    93
       Chain mail        |       |   119 |   146 ||   265
Dodge: Dodged            |   124 |   139 |    89 ||   352
